 Dungeon Crawl Stone Soup version 0.17-b1-15-g0f5fb43 (webtiles) character file.

344 Cookie the Poker (level 6, 0/48 HPs)
             Began as a Demonspawn Fighter on Nov 7, 2015.
             Slain by a mummy (12 damage)
             ... in an ossuary.
             The game lasted 00:09:31 (4575 turns).

Cookie the Poker (Demonspawn Fighter)               Turns: 4575, Time: 00:09:31

Health: 0/48       AC:  8    Str: 17    XL:     6   Next: 31%
Magic:  6/6        EV:  9    Int: 11    God:
Gold:   138        SH:  8    Dex: 12    Spells: 0 memorised, 5 levels left

rFire  . . .     SeeInvis .     a - +0 trident
rCold  . . .     Clarity  .     b - +0 scale mail
rNeg   . . .     SustAt   .     c - +0 shield
rPois  .         Gourm    .     (no helmet)
rElec  .         Spirit   .     i - +0 cloak
rCorr  .         Warding  .     (no gloves)
rMut   .         Stasis   .     (no boots)
MR     .....                    (no amulet)
Stlth  +.........               (no ring)
                                k - +3 ring of evasion

@: drained, not resistant to hostile enchantments, very unstealthy
A: talons 2, rugged brown scales 1, nightstalker 1
a: no special abilities


You were in an ossuary.
You were not hungry.

You visited 2 branches of the dungeon, and saw 5 of its levels.
You also visited: Ossuary.

You collected 138 gold pieces.

Inventory:

Hand Weapons
 a - a +0 trident (weapon)
 o - a +0 blowgun
Missiles
 p - 23 poisoned needles
Armour
 b - a +0 scale mail (worn)
 c - a +0 shield (worn)
 i - a +0 cloak (worn)
Jewellery
 k - a +3 ring of evasion (left hand)
Scrolls
 g - 4 scrolls of identify
 h - 5 scrolls of remove curse
Potions
 d - a potion of might
 f - 2 potions of heal wounds
 l - a potion of poison {unknown}
 m - a potion of mutation {unknown}
 q - a potion of beneficial mutation {unknown}
 s - a potion of lignification {unknown}
Comestibles
 e - 3 bread rations
 j - 3 meat rations
 r - 3 chunks of flesh


   Skills:
 - Level 3.0(2.9) Fighting
 + Level 6.1 Polearms
 - Level 2.6 Armour
 - Level 2.6 Shields


You had 5 spell levels left.
You didn't know any spells.

Dungeon Overview and Level Annotations

Branches:
Dungeon (4/15)             Temple (1/1) D:4

Altars:
Ashenzari
Dithmenos
Elyvilon
Fedhas
Nemelex Xobeh
Okawaru
Qazlal
Trog
Vehumet
Xom
Yredelemnul
The Shining One

Annotations:
D:4 Sigmund


Innate Abilities, Weirdness & Mutations

You have razor-sharp toenails.
You are partially covered in rugged brown scales (AC +1, +3% HP).
You are slightly more attuned to the shadows.


Message History

The mummy is severely damaged.
Attack whom?
Press: ? - help, Dir - move target cursor, f/p - mummy
Aim: a mummy (severely damaged)
You hit the mummy.
The mummy is almost destroyed.
The mummy hits you!
Attack whom?
Press: ? - help, Dir - move target cursor, f/p - mummy
Aim: a mummy (almost destroyed)
You hit the mummy but do no damage. You claw the mummy, but do no damage.
The mummy is almost destroyed.
The mummy hits you.
* * * LOW HITPOINT WARNING * * *
You barely miss the mummy.
The mummy is almost destroyed.
You hit the mummy.
The mummy is almost destroyed.
The mummy hits you!
You die...

+M## ##.....##
#..###.......##
+...#.........#
#..M'....⌠....+
+...#.........#
#.M###.......##
+.## ##..MM.##
#. ###M### #.
#@# !. ##.##
#.∩.# #.∩.#
#####


You could see 3 mummies.

Vanquished Creatures
  An ogre (D:4)
  A hound (D:3)
  An orc priest (D:3)
  A hound zombie (D:3)
  A hound skeleton (D:4)
  A mummy (Ossuary)
  4 adders
  3 worms
  3 giant geckos
  14 orcs
  4 bats (D:2)
  4 giant cockroaches
  13 hobgoblins
  7 giant newts
  14 goblins
  4 jackals (D:2)
  15 kobolds
  7 rats
98 creatures vanquished.

Notes
Turn   | Place    | Note
--------------------------------------------------------------
     0 | D:1      | Cookie the Demonspawn Fighter began the quest for the Orb.
     0 | D:1      | Reached XP level 1. HP: 18/18 MP: 1/1
   361 | D:1      | Gained mutation: You are partially covered in rugged brown scales (AC +1, +3% HP). [demonic ancestry]
   361 | D:1      | Reached XP level 2. HP: 16/24 MP: 2/2
   850 | D:1      | Gained mutation: You have sharp toenails. [demonic ancestry]
   850 | D:1      | Reached XP level 3. HP: 12/29 MP: 3/3
  2187 | D:2      | Reached skill level 4 in Polearms
  2187 | D:2      | Reached XP level 4. HP: 14/36 MP: 4/4
  3157 | D:3      | Gained mutation: You have razor-sharp toenails. [demonic ancestry]
  3157 | D:3      | Reached XP level 5. HP: 17/42 MP: 5/5
  3805 | D:3      | Reached skill level 5 in Polearms
  4388 | D:4      | Found a staircase to the Ecumenical Temple.
  4388 | D:4      | Noticed an ogre
  4395 | D:4      | Killed an ogre
  4395 | D:4      | Reached skill level 6 in Polearms
  4395 | D:4      | Gained mutation: You are slightly more attuned to the shadows. [demonic ancestry]
  4395 | D:4      | Reached XP level 6. HP: 29/48 MP: 6/6
  4404 | Temple   | Entered the Ecumenical Temple
  4520 | D:4      | Noticed Sigmund
  4525 | D:4      | Found a sand-covered staircase.
  4529 | Ossuary  | Entered an ossuary
  4575 | Ossuary  | Slain by a mummy

Action                   |  1- 3 |  4- 6 || total
-------------------------+-------+-------++-------
Melee: Trident           |   189 |   228 ||   417
  Use: Scroll            |       |     3 ||     3
       Potion            |       |     1 ||     1
  Eat: Chunk             |     4 |     4 ||     8
       Bread ration      |       |     1 ||     1
